 Dungeon Crawl Stone Soup version 0.32-a0-5-gbffa963729 (webtiles) character file.

Game seed: 11988651985199316744

2033 shadizar the Trooper (level 9, 0/68 HPs)
             Began as a Djinni Earth Elementalist on Jan 13, 2024.
             Slain by an orc warrior
             ... wielding a +2 long sword of freezing
              (3 damage)
             ... on level 7 of the Dungeon.
             The game lasted 00:19:50 (5846 turns).

shadizar the Trooper (Djinni Earth Elementalist)    Turns: 5846, Time: 00:19:51

Health: 0/68       AC: 14    Str:  5 (8)  XL:     9   Next: 47%
Gold:   220        EV: 15    Int: 21 (22) God:
                   SH:  5    Dex: 14 (15)

rFire   + + +        l - staff of death
rCold   x . .        (no shield)
rNeg    + + .        j - +4 ring mail of Jafutiopp {rElec Will++ Str-5 Dex+2}
rPois   ∞            o - +1 helmet
rElec   +            g - +1 cloak
rCorr   .            (no gloves)
SInv    .            (boots unavailable)
Will    ++...        i - amulet of reflection
Stlth   +            r - +5 ring of evasion
HPRegen 0.31/turn    v - ring of Vicuges {rF++ rN+ MP+9 Str+6}
MPRegen 0.00/turn

%: reflection, infuse magic (-1 HP)
@: attractive, flying
A: sickness immunity, fire resistance 2, cold vulnerability 1, float, innate
caster, HP casting, extra vitality 1
a: no special abilities


You were on level 7 of the Dungeon.
You visited 2 branches of the dungeon, and saw 8 of its levels.

You collected 220 gold pieces.

Inventory:

Hand Weapons
 d - a +1 club of chaos
Armour
 a - a +0 robe
 g - a +1 cloak (worn)
 j - the +4 ring mail of Jafutiopp (worn) {rElec Will++ Str-5 Dex+2}
   (You found it on level 2 of the Dungeon)

   Str-5:     It affects your strength (-5).
   Dex+2:     It affects your dexterity (+2).
   rElec:     It insulates you from electricity.
   Will++:    It greatly increases your willpower.
 m - a +2 leather armour of willpower
 n - a +4 scale mail
 o - a +1 helmet (worn)
 q - a +0 kite shield
Magical Staves
 l - a staff of death (weapon)
Jewellery
 i - an amulet of reflection (around neck)
 r - a +5 ring of evasion (left hand)
 v - the ring of Vicuges (right hand) {rF++ rN+ MP+9 Str+6}
   (You found it on level 7 of the Dungeon)

   [ring of strength]

   Str+6:     It affects your strength (+6).
   rF++:      It greatly protects you from fire.
   rN+:       It protects you from negative energy.
   MP+9:      It affects your magic capacity (+9).
Talismans
 p - a storm talisman
Wands
 f - a wand of charming (4)
 h - a wand of roots (14)
 w - a wand of polymorph (8)
Scrolls
 b - 3 scrolls of teleportation
 e - 4 scrolls of identify
 s - 3 scrolls of enchant armour
Potions
 c - a potion of ambrosia
 k - 2 potions of enlightenment


   Skills:
 + Level 7.6 Fighting
 + Level 4.6 Armour
 + Level 4.5 Dodging
 - Level 1.5 Stealth
 + Level 0.8 Shields
 + Level 5.8 Spellcasting
 + Level 5.8 Conjurations
 + Level 5.8 Hexes
 + Level 5.8 Summonings
 + Level 5.8 Necromancy
 + Level 5.8 Translocations
 + Level 5.8 Fire Magic
 + Level 5.8 Ice Magic
 + Level 5.8 Air Magic
 + Level 5.8 Earth Magic
 + Level 5.8 Alchemy


You knew the following spells:

 Your Spells              Type           Power      Damage    Failure   Level
a - Sandblast             Erth           60%        2d14      3%          1
b - Passwall              Erth           30%        N/A       11%         3
c - Stone Arrow           Conj/Erth      60%        3d10      11%         3
d - Petrify               Alch/Erth      30%        N/A       36%         4
e - Brom's Barrelling Bo  Conj/Erth      30%        2d5       36%         4
f - Apportation           Tloc           60%        N/A       3%          1
g - Ensorcelled Hibernat  Hex/Ice        60%        N/A       5%          2
h - Lesser Beckoning      Tloc           60%        N/A       5%          2
i - Dazzling Flash        Conj/Hex       60%        N/A       11%         3
Your spell library was empty.

Dungeon Overview and Level Annotations

Branches:
Dungeon (7/15)             Temple (1/1) D:5

Altars:
Ashenzari
Cheibriados
Fedhas
Gozag
Hepliaklqana
Makhleb
Nemelex Xobeh
Qazlal
Ru
Trog
Uskayaw
Wu Jian
Xom
Yredelemnul
Zin

Annotations:
D:5 1 runed translucent door, Crazy Yiuf


Innate Abilities, Weirdness & Mutations

You are immune to sickness and miasma.
You are immune to poison.
Your flesh is very heat resistant. (rF++)
You are vulnerable to cold. (rC-)
You float through the air rather than walking.
You learn spells naturally, not from books.
Your magical power is your life essence.
You have superior vitality. (+4 MHP)


Message History

The orc warrior hits you with a +2 long sword of freezing.
* * * LOW HITPOINT WARNING * * *
The orc warrior freezes you.
* * * LOW HITPOINT WARNING * * *
It was a potion of degeneration.
There was something very wrong with that liquid.
You feel weakened.
You feel dopey.
You feel clumsy. The orc warrior completely misses you.
Casting: Sandblast (safe; 3% risk of failure)
Confirm with . or Enter, or press ? or * to list all spells.
You aren't next to any passable walls.
Casting: Passwall (dangerous; 11% risk of failure)
Confirm with . or Enter, or press ? or * to list all spells.
Aiming: Sandblast (safe; 3% risk of failure)
Press: ? - help, Shift-Dir - straight line, f/p - orc warrior
Aim: an orc warrior, wielding a +2 long sword of freezing and wearing a +0 plate armour (severely wounded, 84% to hit)
The blast of sand misses the orc warrior.
* * * LOW HITPOINT WARNING * * *
You block the orc warrior's attack. The orc warrior misses you.
Casting: Sandblast (safe; 3% risk of failure)
Confirm with . or Enter, or press ? or * to list all spells.
Aiming: Sandblast (safe; 3% risk of failure)
Press: ? - help, Shift-Dir - straight line, f/p - orc warrior
Aim: an orc warrior, wielding a +2 long sword of freezing and wearing a +0 plate armour (severely wounded, 84% to hit)
The blast of sand hits the orc warrior but does no damage.
The orc warrior is severely wounded.
* * * LOW HITPOINT WARNING * * *
The orc warrior closely misses you.
Unknown command.
Unknown command.
Casting: Sandblast (safe; 3% risk of failure)
Confirm with . or Enter, or press ? or * to list all spells.
Aiming: Sandblast (safe; 3% risk of failure)
Press: ? - help, Shift-Dir - straight line, f/p - orc warrior
Aim: an orc warrior, wielding a +2 long sword of freezing and wearing a +0 plate armour (severely wounded, 84% to hit)
The blast of sand hits the orc warrior.
The orc warrior is almost dead.
* * * LOW HITPOINT WARNING * * *
The orc warrior hits you with a +2 long sword of freezing.
You die...

####..##...........
###...###........### #.
.....#.............. ^..
.................#.###.#
...........[.....#.....#
.................#.._..
.............)...#...
.................#)###$#.
................@o.......
.................#######.
....................
.<..#.....#.....####
################


You could see an orc warrior.

Vanquished Creatures
  A wyvern (D:6)
  Eustachio (D:6)
  A steam dragon (D:6)
  2 black bears
  An ice beast (D:6)
  A sky beast (D:6)
  An ogre (D:6)
  A kobold brigand (D:6)
  A bullfrog (D:6)
  2 scorpions
  A howler monkey (D:4)
  2 bombardier beetles
  4 orc priests
  3 hounds
  A jelly (D:5)
  3 sleepcaps
  2 iguanas (D:4)
  6 orc wizards (D:5)
  Natasha (twice) (D:3)
  Robin (D:3)
  8 adders
  2 shadow imps
  3 dart slugs
  2 ribbon worms (D:2)
  23 orcs
  4 ball pythons
  4 endoplasms
  2 giant cockroaches (D:1)
  11 goblins
  10 hobgoblins
  6 jackals (D:4)
  6 quokkas
  6 bats
  4 frilled lizards
  10 kobolds
  4 rats
142 creatures vanquished.

Vanquished Creatures (collateral kills)
  A boulder (D:6)
1 creature vanquished.

Grand Total: 143 creatures vanquished

Notes
Turn   | Place    | Note
-------+----------+-------------------------------------------
     0 | D:1      | shadizar the Djinni Earth Elementalist began the quest for
                  | the Orb.
     0 | D:1      | shadizar set off with the following spells memorised:
                  | Sandblast, Passwall, Stone Arrow, Petrify, Brom's
                  | Barrelling Boulder.
     0 | D:1      | Reached XP level 1. HP: 15/15 MP: 0/0
   183 | D:1      | Reached XP level 2. HP: 20/22 MP: 0/0
   197 | D:1      | Reached skill level 1 in Fighting
   688 | D:2      | Reached XP level 3. HP: 27/28 MP: 0/0
   688 | D:2      | Learned a level 1 spell: Apportation
   724 | D:2      | Reached skill level 2 in Fighting
   789 | D:2      | Identified the +4 ring mail of Jafutiopp {rElec Will++
                  | Str-5 Dex+2}
   867 | D:2      | Found a faded altar of an unknown god.
   925 | D:2      | Reached XP level 4. HP: 33/34 MP: 0/0
  1283 | D:3      | Noticed Robin
  1288 | D:3      | Reached skill level 3 in Fighting
  1294 | D:3      | Killed Robin
  1459 | D:3      | Reached XP level 5. HP: 38/40 MP: 0/0
  1459 | D:3      | Learned a level 2 spell: Ensorcelled Hibernation
  1528 | D:3      | Found a sacrificial altar of Ru.
  1620 | D:3      | Noticed Natasha
  1625 | D:3      | Killed Natasha
  1683 | D:3      | Found a blossoming altar of Fedhas.
  1744 | D:3      | Found a bloodstained altar of Trog.
  1882 | D:3      | Reached skill level 4 in Fighting
  1969 | D:3      | Noticed Natasha
  1974 | D:3      | Killed Natasha
  1975 | D:3      | Reached XP level 6. HP: 46/47 MP: 0/0
  2202 | D:4      | Noticed a black bear
  2209 | D:4      | Killed a black bear
  2281 | D:4      | Reached skill level 5 in Fighting
  2299 | D:4      | Reached XP level 7. HP: 29/54 MP: 0/0
  2299 | D:4      | Learned a level 2 spell: Lesser Beckoning
  2790 | D:5      | Entered Level 5 of the Dungeon
  2940 | D:5      | Reached skill level 1 in Armour
  3116 | D:5      | Reached skill level 6 in Fighting
  3357 | D:5      | Found a staircase to the Ecumenical Temple.
  3449 | D:5      | Found a runed translucent door.
  3450 | D:5      | Noticed Crazy Yiuf
  3594 | D:5      | Reached XP level 8. HP: 52/61 MP: 0/0
  3763 | D:5      | Reached skill level 5 in Spellcasting
  3763 | D:5      | Reached skill level 5 in Conjurations
  3763 | D:5      | Reached skill level 5 in Hexes
  3763 | D:5      | Reached skill level 5 in Summonings
  3763 | D:5      | Reached skill level 5 in Necromancy
  3763 | D:5      | Reached skill level 5 in Translocations
  3763 | D:5      | Reached skill level 5 in Fire Magic
  3763 | D:5      | Reached skill level 5 in Ice Magic
  3763 | D:5      | Reached skill level 5 in Air Magic
  3763 | D:5      | Reached skill level 5 in Earth Magic
  3763 | D:5      | Reached skill level 5 in Alchemy
  4392 | Temple   | Entered the Ecumenical Temple
  4544 | D:6      | Noticed Eustachio
  4969 | D:6      | Reached skill level 7 in Fighting
  5217 | D:6      | Reached XP level 9. HP: 65/68 MP: 0/0
  5217 | D:6      | Learned a level 3 spell: Dazzling Flash
  5601 | D:6      | Killed Eustachio
  5753 | D:7      | Identified the ring of Vicuges {rF++ rN+ MP+9 Str+6}
  5827 | D:7      | Found a hide-covered altar of Uskayaw.
  5846 | D:7      | Slain by an orc warrior

Illustrated notes

Levels and vault maps discovered:
D:1:      minmay_arrival_loop, layout_basic
D:2:      layout_basic, shapermc_ecumenical_altar_starsandcircs
D:3:      layout_loops_ring, trog_butcher_becter,
          mainiacjoe_overflow_tiny_flanked, fedhas_altar_1, uniq_natasha,
          uniq_robin
D:4:      layout_basic
D:5:      layout_loops_ring, temple_hall, kennysheep_doodads,
          uniq_crazy_yiuf_cottage
D:6:      layout_cave_pools, dk_noncrumbling_2, minivault_19, uniq_eustachio
D:7:      layout_rooms, mainiacjoe_overflow_cross_hatched, tso_altar,
          okawaru_humans, serial_bayou_lake_a
Temple:   nicolae_temple_great_sept

Skill      XL: |  1  2  3  4  5  6  7  8  9 |
---------------+----------------------------+-----
Fighting       | 1 2 3 4 5 6 7 |  7.6
Spellcasting   | 4 5 |  5.8
Conjurations   | 4 5 |  5.8
Hexes          | 4 5 |  5.8
Summonings     | 4 5 |  5.8
Necromancy     | 4 5 |  5.8
Translocations | 4 5 |  5.8
Fire Magic     | 4 5 |  5.8
Ice Magic      | 4 5 |  5.8
Air Magic      | 4 5 |  5.8
Earth Magic    | 4 5 |  5.8
Alchemy        | 4 5 |  5.8
Armour         | 1 3 4 |  4.6
Dodging        | 3 4 |  4.5
Stealth        | |  1.5
Shields        | |  0.8

Action                     |  1- 3 |  4- 6 |  7- 9 || total
---------------------------+-------+-------+-------++-------
  Melee: Unarmed           |     3 |       |       ||     3
         Club              |     2 |     2 |    36 ||    40
   Cast: Sandblast         |    37 |    92 |   186 ||   315
         Brom's Barrelling |       |       |     2 ||     2
  Evoke: Wand              |       |     1 |     1 ||     2
    Use: Scroll            |       |       |    15 ||    15
         Potion            |       |       |     3 ||     3
 Armour: Robe              |    17 |    24 |   120 ||   161
         Ring mail         |       |       |    10 ||    10
  Dodge: Dodged            |    27 |    38 |   166 ||   231
  Block: Other             |     1 |    12 |    41 ||    54
         Reflection        |       |     2 |     1 ||     3

Table legend: (Time is in decaauts)
 A = Elapsed time spent in this place.
 B = Non-inter-level travel time spent in this place.
 C = Inter-level travel time spent in this place.
 D = Time resting spent in this place.
 E = Time spent auto-exploring this place.
 F = Levels seen in this place.
 G = Mean time per level.
                   A        B        C        D        E       F      G
               +--------+--------+--------+--------+--------+-----+--------+
         Total |   6015 |   5820 |    195 |      0 |   4295 |   8 |  751.9 |
       Dungeon |   5989 |   5795 |    194 |      0 |   4295 |   7 |  855.6 |
        Temple |     25 |     25 |      0 |      0 |      0 |   1 |   25.0 |
               +--------+--------+--------+--------+--------+-----+--------+

Top non-repeatable levels by time:
     D:5: 1680 daAuts
     D:4: 1084 daAuts
     D:6: 1047 daAuts
     D:3: 780 daAuts
     D:1: 671 daAuts
     D:2: 612 daAuts
     D:7: 113 daAuts
  Temple: 25 daAuts
